 Dungeon Crawl Stone Soup version 0.29.1-15-g9cfb28693d (webtiles) character file.

Game seed: 17541164112523947108

193 leafyfresh the Covert (level 5, -2/37 HPs)
             Began as an Octopode Delver on Mar 4, 2023.
             Slain by a wyvern (9 damage)
             ... on level 7 of the Dungeon.
             The game lasted 00:01:08 (861 turns).

leafyfresh the Covert (Octopode Delver)              Turns: 861, Time: 00:01:09

Health: -2/37      AC:  1    Str: 11    XL:     5   Next: 72%
Magic:  5/5        EV: 14    Int: 15    God:
Gold:   28         SH:  0    Dex: 13    Spells: 4/4 levels left

rFire   . . .      SeeInvis .   a - +0 short sword
rCold   . . .      Faith    .   (no shield)
rNeg    . . .      Spirit   .   (helmet restricted)
rPois   .          Reflect  .   (no amulet)
rElec   .          Harm     .   (no ring)
rCorr   .          Rampage  .   (no ring)
Will    .....                   (no ring)
Stlth   +++++.....              (no ring)
HPRegen 0.12/turn               (no ring)
MPRegen 0.09/turn               (no ring)
                                (no ring)
                                (no ring)

@: no status effects
A: almost no armour, amphibious, 8 rings, camouflage 1, gelatinous body 1,
(nimble swimmer 1), tentacles
a: no special abilities


You were on level 7 of the Dungeon.
You visited 1 branch of the dungeon, and saw 3 of its levels.

You collected 28 gold pieces.

Inventory:

Hand Weapons
 a - a +0 short sword (weapon)
Wands
 f - a wand of digging (3)
Scrolls
 b - a scroll of fog
 c - a scroll of magic mapping
 g - a scroll of vulnerability {unknown}
 h - a scroll of blinking {unknown}
Potions
 d - a potion of degeneration {unknown}
 e - a potion of haste


   Skills:
 + Level 4.3 Fighting
 - Level 2.0 Short Blades
 + Level 3.6 Dodging
 + Level 8.0 Stealth


You had 4 spell levels left.
You didn't know any spells.
Your spell library was empty.

Dungeon Overview and Level Annotations

Branches:
Dungeon (5/15)
 Temple: D:4-7

Altars:


Innate Abilities, Weirdness & Mutations

You cannot wear most types of armour.
You are amphibious.
You can wear up to eight rings at the same time.
Your skin changes colour to match your surroundings (Stealth+).
Your rubbery body absorbs attacks. (AC +1, EV +1)
((You are camouflaged when in or above water. (Stealth+)))
You have tentacles for arms and can constrict up to eight enemies at once.


Message History

You constrict the howler monkey. The howler monkey closely misses you.
An orc comes into view. It is wielding a +0 club.
The orc shouts!
You hit the howler monkey.
You kill the howler monkey!
You hear a shout! x2
Your Stealth skill increases to level 8!
You hit the orc. You grab the orc.
The orc is moderately wounded.
You constrict the orc. The orc misses you.
You hit the orc. You squeeze the orc.
You kill the orc!
Things that are here:
a +0 club; an orc corpse You start resting.
HP restored.
You start waiting.
A wyvern comes into view.
The wyvern attacks as you move away! The wyvern misses you.
You hit the wyvern. You squeeze the wyvern.
The wyvern is lightly wounded.
The wyvern barely misses you. The wyvern bites you.
You hit the wyvern but do no damage.
The wyvern is lightly wounded.
The wyvern completely misses you.
You hit the wyvern but do no damage. Your squeeze misses the wyvern.
The wyvern is lightly wounded.
The wyvern misses you. The wyvern closely misses you.
You hit the wyvern but do no damage.
The wyvern is lightly wounded.
The wyvern bites you!
You hit the wyvern but do no damage. Your squeeze misses the wyvern.
The wyvern is lightly wounded.
The wyvern bites you!
* * * LOW HITPOINT WARNING * * *
The wyvern closely misses you.
You barely miss the wyvern.
The wyvern is lightly wounded.
The wyvern bites you!
You die...

......÷...# .
.......##.#
#######.. .#.#.8#
#.####........ #.#
#.#........... ##
#.#.##........
#####.#†#.#..##...
#...)....##''#
#l#####.##....#
#@# ###......# #.#
...$$...# #.#
#..$..$..# #.#
#..$..$..# #.#
#J..$?...# #.. #.#
..#


You could see a wyvern.

Vanquished Creatures
  A bullfrog (D:7)
  A scorpion (D:5)
  A howler monkey (D:7)
  An iguana (D:5)
  2 orcs
6 creatures vanquished.

Notes
Turn   | Place    | Note
-------+----------+-------------------------------------------
     0 | D:5      | leafyfresh the Octopode Delver began the quest for the Orb.
     0 | D:5      | Reached XP level 1. HP: 16/16 MP: 1/1
    48 | D:5      | Noticed a scorpion
    52 | D:5      | Noticed an iguana
    57 | D:5      | Killed a scorpion
    58 | D:5      | Reached skill level 7 in Stealth
    58 | D:5      | Reached XP level 2. HP: 22/22 MP: 2/2
    58 | D:5      | Reached XP level 3. HP: 27/27 MP: 3/3
    58 | D:5      | Reached XP level 4. HP: 33/33 MP: 4/4
   239 | D:5      | Noticed a scorpion
   239 | D:5      | Noticed an ogre
   334 | D:4      | You fall into a shaft and drop 3 floors!
   335 | D:7      | Noticed a bullfrog
   343 | D:7      | Killed a bullfrog
   344 | D:7      | Reached XP level 5. HP: 16/37 MP: 5/5
   728 | D:7      | Noticed a black bear
   742 | D:7      | Reached skill level 8 in Stealth
   850 | D:7      | Noticed a wyvern
   861 | D:7      | Slain by a wyvern

Illustrated notes

Levels and vault maps discovered:
D:4:      layout_basic, minmay_temple_entry_mist, minivault_26,
          nicolae_take_the_stairs
D:5:      minmay_angry_zag, layout_cave_pools
D:7:      minmay_polygon_palace, layout_loops_ring, grunt_nemelex_the_gamble,
          minitemple, uniq_maggie

Skill      XL: |  1  2  3  4  5 |
---------------+----------------+-----
Stealth        | 7 8 |  8.0
Dodging        | 3 |  3.6
Fighting       | 4 |  4.3
Short Blades   | |  2.0

Action                   |  1- 3 |  4- 6 || total
-------------------------+-------+-------++-------
Melee: Short sword       |     4 |    30 ||    34
       Constrict         |     1 |     6 ||     7
       Tentacles         |     1 |     6 ||     7
  Use: Scroll            |       |     1 ||     1
 Stab: Sleeping          |     1 |       ||     1
Armor: Skin              |     1 |       ||     1
Dodge: Dodged            |     3 |    20 ||    23
